 Dungeon Crawl Stone Soup version 0.30.1-3-gfc49f6343a (webtiles) character file.

Game seed: 13047170081820268163

179 spardeous the Digger (level 5, -2/38 HPs)
             Began as a Demigod Earth Elementalist on July 24, 2023.
             Shot with an arrow by a centaur (10 damage)
             ... on level 3 of the Dungeon.
             The game lasted 00:06:01 (3062 turns).

spardeous the Digger (Demigod Earth Elementalist)   Turns: 3062, Time: 00:06:02

Health: -2/38      AC:  3    Str: 15    XL:     5   Next: 10%
Magic:  8/11       EV: 11    Int: 21    God:
Gold:   136        SH:  0    Dex: 14    Spells: 7/8 levels left

rFire   . . .        (no weapon)
rCold   . . .        (no shield)
rNeg    . . .        e - +0 leather armour
rPois   .            (no helmet)
rElec   .            (no cloak)
rCorr   .            (no gloves)
SInv    .            (no boots)
Will    .....        (no amulet)
Stlth   ++           g - +6 ring of strength
HPRegen 0.26/turn    (no ring)
MPRegen 0.12/turn

%: no passive effects
@: no status effects
A: high MP 1, forlorn, divine attributes
a: no special abilities


You were on level 3 of the Dungeon.
You visited 1 branch of the dungeon, and saw 3 of its levels.
You also visited: Sewer.

You collected 174 gold pieces.
You spent 38 gold pieces at shops.

Inventory:

Armour
 a - a +0 robe
 e - a +0 leather armour (worn)
Jewellery
 g - a +6 ring of strength (left hand)
Scrolls
 i - a scroll of enchant weapon {unknown}
 l - 3 scrolls of fog {unknown}
 m - 2 scrolls of teleportation {unknown}
 o - a scroll of brand weapon {unknown}
Potions
 b - a potion of magic
 c - 3 potions of curing {unknown}
 f - a potion of ambrosia
 h - 3 potions of lignification {unknown}
 j - a potion of haste
 k - 3 potions of heal wounds {unknown}
 n - a potion of degeneration
 p - a potion of mutation
 q - 2 potions of brilliance {unknown}


   Skills:
 - Level 1.7 Dodging
 - Level 1.7 Stealth
 + Level 2.4 Spellcasting
 - Level 0.8 Transmutations
 - Level 5.2 Earth Magic


You had 7 spell levels left.
You knew the following spells:

 Your Spells              Type           Power      Damage    Failure   Level
a - Sandblast             Erth           48%        2d12      1%          1

Your spell library contained the following spells:

 Spells                   Type           Power      Damage    Failure   Level
 Passwall                 Tmut/Erth      12%        N/A       8%          2
 Stone Arrow              Conj/Erth      26%        3d8       19%         3
 Petrify                  Tmut/Erth      15%        N/A       45%         4


Dungeon Overview and Level Annotations

Branches:
Dungeon (3/15)              Sewer (visited)

Shops:
D:1 ![(*(


Innate Abilities, Weirdness & Mutations

You have an increased reservoir of magic. (+10% MP)
You shall have no god before yourself.
Your divine heritage dramatically boosts your attributes as you level up.


Message History

MP restored: 11 The centaur shouts!
The centaur wields a +0 shortbow.
The centaur shoots an arrow.
The arrow hits you.
You take 3 damage, and have 35/38 hp.
The centaur shoots an arrow.
The arrow hits you!
You take 10 damage, and have 25/38 hp.
MASSIVE DAMAGE!!
You start resting.
A centaur is nearby!
Casting: Sandblast (safe; 1% risk of failure)
Confirm with . or Enter, or press ? or * to list all spells.
Aiming: Sandblast (safe; 1% risk of failure)
Press: ? - help, Shift-Dir - straight line, f - centaur
Aim: a centaur, wielding a +0 shortbow (90% to hit)
The blast of sand hits the centaur!
The centaur is heavily wounded.
The centaur shoots an arrow.
The arrow closely misses you.
The centaur shoots an arrow.
The arrow hits you!
* * * LOW HITPOINT WARNING * * *
You take 14 damage, and have 13/38 hp.
MASSIVE DAMAGE!!
You now have 10/11 mp.
Casting: Sandblast (safe; 1% risk of failure)
Confirm with . or Enter, or press ? or * to list all spells.
Aiming: Sandblast (safe; 1% risk of failure)
Press: ? - help, Shift-Dir - straight line, f/p - centaur
Aim: a centaur, wielding a +0 shortbow (heavily wounded, 90% to hit)
The blast of sand hits the centaur.
The centaur is severely wounded.
The centaur shoots an arrow.
The arrow hits you.
* * * LOW HITPOINT WARNING * * *
The centaur shoots an arrow.
The arrow barely misses you.
You take 6 damage, and have 7/38 hp.
You now have 9/11 mp.
Casting: Sandblast (safe; 1% risk of failure)
Confirm with . or Enter, or press ? or * to list all spells.
Aiming: Sandblast (safe; 1% risk of failure)
Press: ? - help, Shift-Dir - straight line, f/p - centaur
Aim: a centaur, wielding a +0 shortbow (severely wounded, 90% to hit)
The blast of sand hits the centaur!
The centaur is almost dead.
The centaur shoots an arrow.
The arrow hits you!
You die... ...## ## ####### #.c.#.P #. ...#.
P# .#. ....
PPP.P

.. #..# #.# #.#.#.
#..#$P. ...#.
#..#.#.#.#.#.#.
##########.)P.P... ..PP.
.......@.c..#.#.#P #.
............# .. #.
...........#############
#.....................†.
#..............###..####
#..........#'### ##.....
#..........#.# ####..
#..........#.# #..
.##....####.# #..


You could see a centaur.

Vanquished Creatures
  2 river rats (Sewer)
  11 adders
  2 dart slugs (D:2)
  6 bats
  6 endoplasms
  3 giant cockroaches (D:3)
  5 goblins
  3 hobgoblins
  4 jackals
  A quokka (D:3)
  6 ball pythons
  4 frilled lizards
  6 kobolds
  3 rats
62 creatures vanquished.

Notes
Turn   | Place    | Note
-------+----------+-------------------------------------------
     0 | D:1      | spardeous the Demigod Earth Elementalist began the quest
                  | for the Orb.
     0 | D:1      | Reached XP level 1. HP: 14/14 MP: 5/5
    79 | D:1      | Reached skill level 3 in Earth Magic
   284 | D:1      | Found Yhel's Armour Shoppe.
   319 | D:1      | Found Jashurch's Weapon Emporium.
   401 | D:1      | Found Uwkamoge's Assorted Antiques.
   406 | D:1      | Bought a viscous silvery potion for 19 gold pieces
   406 | D:1      | Bought a viscous silvery potion for 19 gold pieces
   417 | D:1      | Reached XP level 2. HP: 20/20 MP: 4/7
   497 | D:1      | Found Ucri's Antique Weapon Shoppe.
   687 | D:1      | Found Zoboygif's Distillery.
  1376 | D:2      | Reached skill level 4 in Earth Magic
  1376 | D:2      | Reached XP level 3. HP: 26/26 MP: 5/8
  1474 | D:2      | Identified the +0 pair of boots of Qomyurpho {rN+ Int-3
                  | Dex+4}
  1767 | D:3      | Found a glowing drain.
  1900 | D:3      | Reached XP level 4. HP: 26/33 MP: 2/9
  1915 | Sewer    | Entered a sewer
  2114 | Sewer    | Reached skill level 5 in Earth Magic
  2365 | Sewer    | Reached XP level 5. HP: 38/38 MP: 7/11
  2974 | D:3      | Noticed a centaur
  3062 | D:3      | Shot with an arrow by a centaur

Illustrated notes

Levels and vault maps discovered:
D:1:      tarquinn_simple_flora_water_e, layout_loops_ring, serial_shops, shop,
          shop, shop, nicolae_shop_bloodbath_and_beyond, shop,
          grunt_decor_junction
D:2:      layout_basic, nrook_mini_backslash, hangedman_decor_push
D:3:      due_chaos_kobolds, layout_basic, okawaru_metal_pillars_3,
          nicolae_hepliaklqana_monster_ancestors, gup_sewer_entry_glass,
          shapermc_ecumenical_altar_mp_urbaneastern, serial_shops, shop,
          uniq_jessica

Skill      XL: |  1  2  3  4 |
---------------+-------------+-----
Earth Magic    | 3 4 5 |  5.2
Spellcasting   | 2 |  2.4
Dodging        | |  1.7
Stealth        | |  1.7
Transmutations | |  0.8

Action                     |  1- 3 |  4- 6 || total
---------------------------+-------+-------++-------
  Melee: Unarmed           |     1 |    41 ||    42
         Punch             |       |     1 ||     1
   Cast: Sandblast         |    55 |    41 ||    96
    Use: Scroll            |       |     4 ||     4
 Armour: Leather armour    |    21 |     5 ||    26
  Dodge: Dodged            |    26 |    24 ||    50
